Match 45284934
Unlisted

Match 45284934
End
Construct Infanterie Kompanie
MG 42 Machine Gun Team
GrW 34 Mortar Team
Grenadier Squad
Grenadier Squad
Construct Panzergrenadier Kompanie
Panzergrenadier Squad
Panzergrenadier Squad
Selects Terror Battlegroup
Selects Machine Gun Camouflage
Support Elements
Pak 40 Anti-tank Gun Team
Selects Defend the Fatherland
Nebelwerfer 42 Rocket Launcher Team
Nebelwerfer 42 Rocket Launcher Team
Pak 40 Anti-tank Gun Team
Construct Panzer Kompanie
Panzer IV Medium Tank
Panzer IV Medium Tank
Tek
Dark Lord Cthulhu
MrZiehr
王大锤565727926
John J. Matrix
Court Ordered Alcoholism
Gravy
Racbear
0
0

Comments sign in to comment!

No comments posted yet!